 Dungeon Crawl Stone Soup version 0.27.1-4-g1640c2035a (webtiles) character file.

Game seed: 9874547578903862592

705 Descartes the Firebug (level 7, -5/36 HPs)
             Began as a Deep Elf Fire Elementalist on Nov 16, 2021.
             Slain by Duvessa (12 damage)
             ... on level 5 of the Dungeon.
             The game lasted 00:13:04 (4950 turns).

Descartes the Firebug (Deep Elf Fire Elementalist)  Turns: 4950, Time: 00:13:05

Health: -5/36      AC:  2    Str:  5    XL:     7   Next: 39%
Magic:  6/16       EV: 13    Int: 22    God:
Gold:   268        SH:  5    Dex: 15    Spells: 10/15 levels left

rFire    . . .     SeeInvis .   (no weapon)
rCold    . . .     Faith    .   n - +0 buckler
rNeg     . . .     Spirit   .   a - +0 robe
rPois    .         Reflect  .   (no helmet)
rElec    .         Harm     .   (no cloak)
rCorr    +         Rampage  .   (no gloves)
Will     .....                  (no boots)
Stlth    +++.......             (no amulet)
HPRegen  0.12/turn              e - ring of resist corrosion
MPRegen  0.15/turn              (no ring)

@: no status effects
A: no striking features
a: no special abilities


You were on level 5 of the Dungeon.
You visited 1 branch of the dungeon, and saw 6 of its levels.

You collected 268 gold pieces.

Inventory:

Missiles
 d - 168 stones
 i - 33 arrows
 s - 12 poisoned darts
Armour
 a - a +0 robe (worn)
 n - a +0 buckler (worn)
Magical Staves
 t - a staff of poison
Jewellery
 e - a ring of resist corrosion (left hand)
Wands
 p - a wand of paralysis (16)
 w - a wand of iceblast (7)
Scrolls
 b - 2 scrolls of fog {unknown}
 c - a scroll of enchant weapon
 f - a scroll of identify {unknown}
 g - a scroll of blinking
 k - a scroll of noise {unknown}
 l - a scroll of torment {unknown}
 m - a scroll of holy word {unknown}
 o - a scroll of amnesia {unknown}
 q - a scroll of acquirement {unknown}
 v - a scroll of teleportation {unknown}
Potions
 h - 5 potions of curing {unknown}
 j - a potion of ambrosia {unknown}
 r - a potion of flight {unknown}
 u - a potion of haste {unknown}
 x - a potion of heal wounds {unknown}
 z - a potion of degeneration {unknown}


   Skills:
 + Level 4.0 Dodging
 + Level 4.3 Stealth
 * Level 2.8 Shields
 + Level 4.7 Spellcasting
 * Level 4.5 Conjurations
 - Level 5.0 Fire Magic


You had 10 spell levels left.
You knew the following spells:

 Your Spells              Type           Power      Damage    Failure   Level
a - Foxfire               Conj/Fire      100%       2x1d9     1%          1
b - Sticky Flame          Conj/Fire      26%        2d5       17%         4

Your spell library contained the following spells:

 Spells                   Type           Power      Damage    Failure   Level
 Shock                    Conj/Air       60%        1d6       4%          1
 Conjure Flame            Conj/Fire      26%        6-21      4%          3
 Inner Flame              Hex/Fire       16%        N/A       13%         3
 Slow                     Hex            5%         N/A       19%         2
 Sublimation of Blood     Necr           2%         N/A       19%         2
 Wereblood                Tmut           5%         N/A       19%         2
 Confusing Touch          Hex            5%         N/A       34%         3
 Swiftness                Air            5%         N/A       34%         3
 Vampiric Draining        Necr           2%         2d6       34%         3
 Fireball                 Conj/Fire      13%        3d7       43%         5
 Airstrike                Air            2%         N/A       75%         4
 Animate Dead             Necr           2%         N/A       75%         4
 Borgnjor's Vile Clutch   Necr/Erth      2%         N/A       97%         5
 Summon Forest            Summ/Tloc      2%         N/A       97%         5
 Summon Mana Viper        Hex/Summ       5%         N/A       97%         5
 Death Channel            Necr           2%         N/A       100%        6
 Shadow Creatures         Summ           N/A        N/A       100%        6
 Summon Hydra             Summ           2%         N/A       100%        7


Dungeon Overview and Level Annotations

Branches:
Dungeon (6/15)
 Temple: D:4-7

Altars:
Makhleb

Shops:
D:3 [

Annotations:
D:4 3 runed translucent doors, Sopaderocas's ghost, amateur HOMo
D:5 Duvessa


Message History

Casting: Foxfire (safe; 1% risk of failure)
Confirm with . or Enter, or press ? or * to list all spells.
You conjure some foxfire!
The foxfire hits Duvessa!
Duvessa is moderately wounded.
The foxfire hits Duvessa.
Duvessa is moderately wounded.
Duvessa hits you with a +0 short sword.
Casting: Foxfire (safe; 1% risk of failure)
Confirm with . or Enter, or press ? or * to list all spells.
You conjure some foxfire!
You block Duvessa's attack. Duvessa closely misses you.
Unknown command.
The foxfire hits Duvessa!
Duvessa is heavily wounded.
The foxfire hits Duvessa.
Duvessa is heavily wounded.
The foxfire hits Duvessa but does no damage.
Duvessa is heavily wounded.
The foxfire hits Duvessa but does no damage.
Duvessa is heavily wounded.
Duvessa closely misses you.
Casting: Foxfire (safe; 1% risk of failure)
Confirm with . or Enter, or press ? or * to list all spells.
You conjure some foxfire!
Duvessa barely misses you. Duvessa misses you.
Casting: Foxfire (safe; 1% risk of failure)
Confirm with . or Enter, or press ? or * to list all spells.
You conjure some foxfire!
The foxfire hits Duvessa.
Duvessa is heavily wounded.
The foxfire hits Duvessa.
Duvessa is severely wounded.
Duvessa hits you with a +0 short sword!
Casting: Foxfire (safe; 1% risk of failure)
Confirm with . or Enter, or press ? or * to list all spells.
You conjure some foxfire!
The foxfire hits Duvessa but does no damage.
Duvessa is severely wounded.
Duvessa hits you with a +0 short sword.
* * * LOW HITPOINT WARNING * * *
Duvessa hits you with a +0 short sword!
You die...

.# ######.## ##.......#
####### #.........
......##########vv######.
#####........).v@...#
##......#####e#.#
#.###### #.#.# #.#
#.#..?.e..# #.#
#.######).. #.# #.# #.#
#.# #.# #.# ######.#


You could see Duvessa (berserk, ally target).

Vanquished Creatures
  2 black bears (D:5)
  An ogre (D:4)
  A water moccasin skeleton (D:4)
  Dowan (D:5)
  A jelly (D:4)
  A bullfrog zombie (D:5)
  An orc priest (D:4)
  3 iguanas (D:4)
  2 orc wizards
  3 gnolls (D:3)
  3 adders
  A white imp (D:4)
  An adder skeleton (D:4)
  4 dart slugs
  4 orcs
  4 endoplasms
  2 giant cockroaches
  A goblin (D:4)
  4 hobgoblins
  5 kobolds
  3 quokkas
  2 ball pythons
  2 bats (D:1)
  9 frilled lizards
  8 rats
69 creatures vanquished.

Vanquished Creatures (others)
  373 foxfires
373 creatures vanquished.

Grand Total: 442 creatures vanquished

Notes
Turn   | Place    | Note
-------+----------+-------------------------------------------
     0 | D:1      | Descartes the Deep Elf Fire Elementalist began the quest
                  | for the Orb.
     0 | D:1      | Reached XP level 1. HP: 10/10 MP: 6/6
   596 | D:1      | Reached XP level 2. HP: 15/15 MP: 4/8
  1910 | D:3      | Reached XP level 3. HP: 19/19 MP: 6/9
  2183 | D:3      | Found Gulobuly's Armour Shop.
  2440 | D:3      | Found a burning altar of Makhleb.
  2778 | D:4      | Reached XP level 4. HP: 24/24 MP: 1/11
  2781 | D:4      | Reached skill level 4 in Fire Magic
  2938 | D:4      | Reached skill level 1 in Shields
  2938 | D:4      | Reached XP level 5. HP: 28/28 MP: 5/12
  3195 | D:4      | Learned a level 4 spell: Sticky Flame
  3358 | D:4      | Noticed Sopaderocas's ghost (amateur HOMo)
  3364 | D:4      | Found a runed translucent gate.
  3364 | D:4      | Found a runed translucent gate.
  3366 | D:4      | Found a runed translucent gate.
  3695 | D:4      | You fall into a shaft and drop 2 floors!
  3695 | D:6      | Noticed an orc warrior
  3706 | D:6      | Noticed a black bear
  3722 | D:6      | Noticed a black bear
  3726 | D:5      | Entered Level 5 of the Dungeon
  3943 | D:4      | Noticed an ogre
  3950 | D:4      | Reached XP level 6. HP: 32/32 MP: 6/13
  4339 | D:4      | Reached skill level 5 in Fire Magic
  4587 | D:5      | Reached XP level 7. HP: 36/36 MP: 10/15
  4935 | D:5      | Noticed Duvessa
  4935 | D:5      | Noticed Dowan
  4944 | D:5      | Killed Dowan
  4950 | D:5      | Slain by Duvessa

Illustrated notes

Levels and vault maps discovered:
D:1:      kennysheep_arrival_seaside, layout_basic, serial_curves,
          eino_curves_03, eino_curves_03, eino_curves_04
D:2:      layout_basic
D:3:      layout_loops_ring, mainiacjoe_overflow_alcove_1, serial_shops,
          nicolae_shop_statue_plus, minmay_fractal_squares_gapless_5
D:4:      layout_gridville, gammafunk_ghost_split, hex_medium,
          minmay_fountain_box, minmay_lizard_king
D:5:      layout_loops_ring, uniq_duvessa
D:6:      layout_gridville, minmay_misc_feat_doors, hangedman_minor_gate_pass

Skill      XL: |  1  2  3  4  5  6  7 |
---------------+----------------------+-----
Conjurations   | 2 3 4 |  4.5
Stealth        | 3 4 |  4.3
Fire Magic     | 4 5 |  5.0
Dodging        | 3 4 |  4.0
Shields        | 1 2 |  2.8
Spellcasting   | 4 |  4.7

Action                   |  1- 3 |  4- 6 |  7- 9 || total
-------------------------+-------+-------+-------++-------
 Cast: Foxfire           |   110 |   100 |    21 ||   231
  Use: Scroll            |       |     2 |       ||     2
Armor: Robe              |       |     3 |       ||     3
Dodge: Dodged            |     3 |     7 |     8 ||    18
Block: Buckler           |       |     6 |     1 ||     7
